 Dungeon Sprint DCSS version 0.25.0-26-g0c896c7088 (webtiles) character file.

Game seed: 12238860870267144524

48749 MordorOrchid the Bludgeoner (level 14, -10/157 HPs)
             Began as a Gnoll Wanderer on July 2, 2020.
             Was a High Priest of Uskayaw.
             Hit by a silver javelin thrown by a merfolk javelineer (15 damage)
             ... in the Dungeon (Sprint V: "Ziggurat Sprint").
             The game lasted 00:26:32 (898 turns).

MordorOrchid the Bludgeoner (Gnoll Wanderer)         Turns: 898, Time: 00:26:32

Health: -10/157    AC: 34    Str: 22    XL:     14   Next: 47%
Magic:  29/32      EV: 31    Int: 31    God:    Uskayaw [*****.]
Gold:   0          SH: 32    Dex: 14    Spells: 15/41 levels left

rFire    . . .     SeeInvis +   w - +14 obsidian axe {vorpal, +Fly SInv *Curse}
rCold    + + +     Gourm    .   x - +18 shield of the Gong {rElec rN+ MR+ EV-5}
rNeg     + + +     Faith    .   (armour currently unavailable)
rPois    ∞         Spirit   .   W - +1 helmet {SInv}
rElec    +         Reflect  .   e - +1 cloak of the Black Moon {*Contam +Inv rN+ MR+}
rCorr    .         Harm     .   (gloves currently unavailable)
MR       ++...     NoTele   +   (boots currently unavailable)
Stlth    +++++.....             o - amulet of the acrobat
HPRegen  0.36/turn              R - ring of Incredulity {rElec Str+6 Int+6 Stlth-}
MPRegen  0.23/turn              A - ring "Kogel" {Wiz *Contam rPois rC+++ MR- Int+6}

@: statue-form, acrobat, mesmerised, studying 2 skills, very slow
A: distributed training, fangs 1, strong nose
a: End Transformation, Stomp, Line Pass, Grand Finale, Renounce Religion, Evoke
Invisibility, Evoke Flight


You were in the Dungeon.
You worshipped Uskayaw.
Uskayaw was pleased with you.
You were not hungry.
You were a stone statue.
You visited 1 branch

Inventory:

Hand Weapons
 a - the +8 lance "Wyrmbane" {slay drac, rPois rF+ rC+ AC+3}
   (You found it in the Dungeon)

   It affects your AC (+3).
   It protects you from fire.
   It protects you from cold.
   It protects you from poison.
 v - the +5 dagger of Foniv {vorpal, rPois rN+}
   (You found it in the Dungeon)

   It inflicts extra damage upon your enemies.
   It protects you from poison.
   It protects you from negative energy.
 w - the +14 obsidian axe (weapon) {vorpal, +Fly SInv *Curse}
   (You found it in the Dungeon)

   It inflicts extra damage upon your enemies.
   It lets you see invisible.
   It lets you fly.
   It curses itself when equipped.
 L - a +9 quick blade
 M - a +5 broad axe
 N - a +5 double sword
 U - the +8 rapier of the Ghost {speed, +Blink Dex+5}
   (You found it in the Dungeon)

   Attacks with this weapon are significantly faster.
   It affects your dexterity (+5).
   It lets you blink.
Missiles
 b - 1103 arrows
Armour
 e - the +1 cloak of the Black Moon (worn) {*Contam +Inv rN+ MR+}
   (You found it in the Dungeon)

   It protects you from negative energy.
   It affects your resistance to hostile enchantments.
   It lets you turn invisible.
   It causes magical contamination when unequipped.
 x - the +18 shield of the Gong (worn) {rElec rN+ MR+ EV-5}
   (You found it in the Dungeon)

   It affects your evasion (-5).
   It insulates you from electricity.
   It protects you from negative energy.
   It affects your resistance to hostile enchantments.
 z - a +1 pair of gloves of archery (melded)
 K - +5 gold dragon scales
 P - the +1 scale mail of Nemelex Xobeh (melded) {*Contam rF+++ rC- Regen+}
   (You found it in the Dungeon)

   It renders you almost immune to fire.
   It makes you vulnerable to cold.
   It causes magical contamination when unequipped.
   It increases your rate of regeneration.
 W - a +1 helmet of see invisible (worn)
Magical Staves
 u - an uncursed staff of energy
 O - an uncursed staff of earth
Jewellery
 o - an amulet of the acrobat (around neck)
 A - the ring "Kogel" (right hand) {Wiz *Contam rPois rC+++ MR- Int+6}
   (You found it in the Dungeon)

   [ring of wizardry]

   It improves your spell success rate.
   It affects your intelligence (+6).
   It renders you almost immune to cold.
   It protects you from poison.
   It affects your resistance to hostile enchantments.
   It causes magical contamination when unequipped.
 J - the amulet of the Yeti {RegenMP rElec rF+ rN+ Str-4}
   (You found it in the Dungeon)

   [amulet of magic regeneration]

   It increases your magic regeneration.
   It affects your strength (-4).
   It protects you from fire.
   It insulates you from electricity.
   It protects you from negative energy.
 R - the ring of Incredulity (left hand) {rElec Str+6 Int+6 Stlth-}
   (You found it in the Dungeon)

   [ring of strength]

   It affects your strength (+6).
   It affects your intelligence (+6).
   It insulates you from electricity.
   It makes you less stealthy.
Wands
 r - a wand of disintegration (7)
 s - a wand of iceblast (7)
 t - a wand of acid (7)
Scrolls
 k - 3 scrolls of blinking
 D - 4 scrolls of amnesia
 E - 6 scrolls of fog
 F - a scroll of holy word
 G - 5 scrolls of identify
 H - 4 scrolls of remove curse
 I - 2 scrolls of fear
Potions
 c - 11 potions of curing
 d - a potion of lignification
 g - 18 potions of heal wounds
 h - 3 potions of haste
 i - 7 potions of magic
 j - 2 potions of berserk rage
 l - 2 potions of brilliance
 n - 4 potions of resistance
 p - 4 potions of stabbing
 q - 2 potions of might
Books
 m - a manual of Unarmed Combat
 B - a manual of Maces & Flails
Miscellaneous
 y - a phial of floods
 C - a lightning rod (4/4)
 Q - a tin of tremorstones (3/3)
 T - 5 phantom mirrors
 V - 3 boxes of beasts
Comestibles
 f - 7 rations
 S - 4 chunks of flesh


   Skills:
 + Level 14.8 Fighting
 + Level 14.3 Short Blades
 + Level 14.3 Long Blades
 + Level 14.3 Axes
 + Level 16.0 Maces & Flails
 + Level 14.4 Polearms
 + Level 14.3 Staves
 + Level 14.3 Slings
 + Level 14.8 Bows
 + Level 14.3 Crossbows
 + Level 14.8 Throwing
 + Level 14.8 Armour
 + Level 14.3 Dodging
 + Level 14.4 Stealth
 + Level 14.3 Shields
 + Level 14.8 Unarmed Combat
 + Level 14.3 Spellcasting
 + Level 12.3 Conjurations
 + Level 12.3 Hexes
 + Level 12.3 Charms
 + Level 12.3 Summonings
 + Level 12.3 Necromancy
 + Level 12.3 Translocations
 + Level 12.3 Transmutations
 + Level 12.3 Fire Magic
 + Level 12.3 Ice Magic
 + Level 12.3 Air Magic
 + Level 12.3 Earth Magic
 + Level 12.3 Poison Magic
 + Level 15.4 Invocations
 + Level 14.3 Evocations


You had 15 spell levels left.
You knew the following spells:

 Your Spells              Type           Power        Failure   Level  Hunger
a - Yara's Violent Unrav  Hex/Tmut       #######...   1%          5    None
b - Lesser Beckoning      Tloc           #######...   1%          3    None
r - Irradiate             Conj/Tmut      #######...   1%          5    None
s - Summon Butterflies    Summ           #######.     0%          1    None
U - Simulacrum            Ice/Necr       #######...   1%          6    ###....
Y - Statue Form           Tmut/Erth      #######..    1%          6    ###....

Your spell library contained the following spells:

 Spells                   Type           Power        Failure   Level  Hunger
 Animate Skeleton         Necr           N/A          0%          1    None
 Apportation              Tloc           ######       0%          1    None
 Corona                   Hex            #######      0%          1    None
 Foxfire                  Conj/Fire      ####         0%          1    None
 Freeze                   Ice            ####         0%          1    None
 Sandblast                Erth           ######       0%          1    None
 Sting                    Tmut/Pois      ####         0%          1    None
 Summon Small Mammal      Summ           ####         0%          1    None
 Blink                    Tloc           N/A          0%          2    None
 Ensorcelled Hibernation  Hex/Ice        ######       0%          2    None
 Passwall                 Tmut/Erth      #######.     0%          2    None
 Poisonous Vapours        Pois/Air       ######       0%          2    None
 Shroud of Golubria       Chrm/Tloc      ######       0%          2    None
 Gell's Gravitas          Tloc           #######...   1%          3    None
 Mephitic Cloud           Conj/Pois/Air  #######.     1%          3    None
 Ozocubu's Armour         Chrm/Ice       #######.     1%          3    None
 Portal Projectile        Hex/Tloc       ######       1%          3    None
 Static Discharge         Conj/Air       #######.     1%          3    None
 Stone Arrow              Conj/Erth      ######       1%          3    None
 Teleport Other           Tloc           #######.     1%          3    None
 Cause Fear               Hex            #######...   1%          4    None
 Ice Form                 Ice/Tmut       #######.     1%          4    None
 Iskenderun's Mystic Bla  Conj/Tloc      #######.     1%          4    None
 Passage of Golubria      Tloc           N/A          1%          4    None
 Petrify                  Tmut/Erth      #######.     1%          4    None
 Summon Ice Beast         Ice/Summ       #######.     1%          4    None
 Lee's Rapid Deconstruct  Erth           #######...   1%          5    None
 Lightning Bolt           Conj/Air       #######...   1%          5    None
 Dispersal                Tloc           #######...   1%          6    ###....
 Hydra Form               Tmut           #######...   1%          6    ###....
 Dragon Form              Tmut           #######...   4%          7    #####..
 Chain Lightning          Conj/Air       #######...   34%         8    ######.
 Controlled Blink         Tloc           N/A          34%         8    ######.
 Disjunction              Tloc           #######...   34%         8    ######.
 Ignition                 Fire           #######...   34%         8    ######.
 Lehudib's Crystal Spear  Conj/Erth      #######...   34%         8    ######.
 Absolute Zero            Ice            #######...   99%         9    #######
 Dragon's Call            Summ           #######...   99%         9    #######
 Fire Storm               Conj/Fire      #######...   99%         9    #######
 Shatter                  Erth           #######...   99%         9    #######
 Tornado                  Air            #######...   99%         9    #######


Dungeon Overview and Level Annotations

Branches:
Dungeon (1/1)

Altars:
Ashenzari
Cheibriados
Dithmenos
Elyvilon
Fedhas
Gozag
Hepliaklqana
Kikubaaqudgha
Makhleb
Nemelex Xobeh
Okawaru
Qazlal
Ru
Sif Muna
Trog
Uskayaw
Vehumet
Wu Jian
Xom
Yredelemnul
Zin
The Shining One
Beogh
Jiyva
Lugonu

Annotations:
D 1 transporter


Innate Abilities, Weirdness & Mutations

Your experience applies equally to all skills.
You have very sharp teeth.
Your uncanny sense of smell can sniff out nearby items.


Message History

You hear a splash.
Visions of slaying the snapping turtle flood into your mind.
The snapping turtle is no longer sharing its pain.
The merfolk javelineer throws a silver javelin.
The silver javelin pierces through you. The silver sears you!
* * * LOW HITPOINT WARNING * * *
Your smoke demon hits the snapping turtle.
You break out of your daze!
The snapping turtle dies!
The merfolk javelineer throws a silver javelin.
The silver javelin pierces through you!
* * * LOW HITPOINT WARNING * * *
The silver sears you!
* * * LOW HITPOINT WARNING * * *
Visions of slaying the merfolk javelineer flood into your mind.
The merfolk javelineer throws a silver javelin.
The silver javelin pierces through you!!
* * * LOW HITPOINT WARNING * * *
The silver sears you!
You die...

▓.............▓▓▓▓▓▓▓▓▓▓▓▓▓..
▓......©......▓....8©8....▓..
▓▓▓▓▓▓▓▓▓▓▓▓▓▓▓..)).|):...▓.▓
..8©8...≈.▓...[))=.=..▓..
∆:)|::}[).≈▓......)....▓▓▓
∆≈[[}=|=).≈▓...........▓..
≈....b.≈..▓......)....▓..
..≈.≈≈..≈.▓........)..▓..
.≈≈.≈≈≈.≈))8≈▓..▓.....▓..▓..
.≈..≈(≈..()3m▓.▓▓▓...▓▓▓.▓..
.≈..≈..≈.)()▓..▓.....▓§.▓..
▓.≈....≈▓()▓.....©..4§§▓.. ▓
▓▓≈..≈.▓▓▓(▓▓▓▓▓▓▓▓▓▓▓▓▓..
▓.≈▓≈...≈≈≈▓.)▓....8©8....▓..
▓...≈≈.......≈▓....[[.}...▓▓▓
▓..≈...©..≈..≈▓...|).|[...▓..
▓▓▓▓▓▓▓▓▓▓▓▓▓▓▓...........▓..


You could see a merfolk javelineer (mesmerising, drained, pain bonded) and a
friendly smoke demon (summoned).

Vanquished Creatures
  A bone dragon (D)
  3 liches (D)
  A deep elf master archer (D)
  A tentacled starspawn (D)
  A deep elf sorcerer (D)
  A balrug (D)
  A ghoul (D)
  A reaper (D)
  2 green draconians (D)
  A deep elf annihilator (D)
  A purple draconian (D)
  A vampire knight (D)
  2 merfolk impalers (D)
  A merfolk javelineer (D)
  A yaktaur captain (D)
  4 vault guards (D)
  2 merfolk aquamancers (D)
  3 dancing weapons (D)
  A vampire mage (D)
  2 deep elf knights (D)
  A skeletal warrior (D)
  A sea snake (D)
  A deep elf archer (D)
  7 deep elf magi (D)
  A manticore (D)
  2 necromancers (D)
  11 draconians (D)
  2 ugly things (D)
  A cyclops (D)
  3 merfolk sirens (D)
  3 toenail golems (D)
  A yaktaur (D)
  3 tormentors (D)
  2 ice devils (D)
  An ancient zyme (D)
  A troll (shapeshifter) (D)
  A wind drake (D)
  2 merfolk (D)
  A blink frog (shapeshifter) (D)
  A snapping turtle (D)
  Sigmund (D)
  2 air elementals (D)
  2 shadows (D)
  2 spriggans (D)
  A wraith (D)
  A ynoxinul (D)
  3 vampires (D)
  A water elemental (D)
  A water moccasin (D)
  A large abomination (D)
  2 black bears (D)
  A sky beast (shapeshifter) (D)
  4 wolves (D)
  An ice beast (D)
  A necrophage (D)
  Blork the orc (D)
  3 small abominations (D)
  A wight (D)
  A crimson imp (D)
  2 iron imps (D)
  Jessica (D)
  A mummy (D)
  2 white imps (D)
  An ufetubus (D)
  3 adder zombies (D)
  2 adder skeletons (D)
  A worm (shapeshifter) (D)
  A bat skeleton (D)
  A bat zombie (D)
  2 ball pythons (D)
  A ball python skeleton (D)
  A ball python zombie (D)
  A jackal simulacrum (D)
  A quokka skeleton (D)
128 creatures vanquished.

Vanquished Creatures (collateral kills)
  An ice dragon (D)
  A necromancer (D)
  A toenail golem (D)
  A hellion (D)
  A tormentor (D)
  A snapping turtle (D)
  A vampire (D)
  A water moccasin (D)
  A wight (D)
  An adder (D)
  An adder skeleton (D)
  3 bat skeletons (D)
  A quokka skeleton (D)
  A quokka zombie (D)
16 creatures vanquished.

Vanquished Creatures (others)
  A spatial maelstrom (D)
  A sea snake (D)
  A bat zombie (D)
3 creatures vanquished.

Grand Total: 147 creatures vanquished

Notes
Turn   | Place    | Note
-------+----------+-------------------------------------------
     0 | D        | MordorOrchid the Gnoll Wanderer began the quest for the
                  | Orb.
     0 | D        | MordorOrchid set off with the following items: a +2
                  | shortbow, 21 arrows, 2 potions of curing, a potion of
                  | lignification, a +0 robe, a ration, a potion of heal
                  | wounds, a potion of haste, 2 potions of magic, a potion of
                  | berserk rage, a scroll of blinking
     0 | D        | Reached XP level 1. HP: 20/20 MP: 1/1
     0 | D        | Found a shimmering blue altar of Sif Muna.
     0 | D        | Found a sacrificial altar of Ru.
     0 | D        | Found a bloodstained altar of Trog.
     0 | D        | Found a stormy altar of Qazlal.
     0 | D        | Found an iron altar of Okawaru.
     0 | D        | Found a sparkling altar of Nemelex Xobeh.
     0 | D        | Found a blossoming altar of Fedhas.
     1 | D        | Found the +6 Majin-Bo {vamp, Archmagi MP+6 Int+6}
     1 | D        | Found the +7 great mace "Firestarter" {inner flame, rF++}
     6 | D        | Found a corrupted altar of Lugonu.
     6 | D        | Found an ancient bone altar of Kikubaaqudgha.
     6 | D        | Found a burning altar of Makhleb.
     6 | D        | Found a transporter.
     6 | D        | Found a viscous altar of Jiyva.
     6 | D        | Found a hazy altar of Hepliaklqana.
    20 | D        | Found the +9 heavy crossbow "Sniper" {vorpal, Acc+∞ SInv}
    20 | D        | Found the +10 dark maul {vorpal}
    20 | D        | Found the +15 Maxwell's patent armour {-Cast -Tele rElec
                  | MR+ rCorr}
    20 | D        | Found the +18 shield of the Gong {rElec rN+ MR+ EV-5}
    20 | D        | Found the cursed +14 obsidian axe {vorpal, +Fly SInv
                  | *Curse}
    29 | D        | Found the +6 shillelagh "Devastator" {shatter}
    29 | D        | Found the +11 plutonium sword {*Contam Stlth-}
    29 | D        | Found the +8 lance "Wyrmbane" {slay drac, rPois rF+ rC+
                  | AC+3}
    29 | D        | Found the +9 sword of Zonguldrok {reap}
    29 | D        | Found the cursed +13 scythe of Curses {drain, *Curse}
    29 | D        | Found the +0 sword of Power
    29 | D        | Found the +7 mace of Variability {chain chaos}
    29 | D        | Found the +7 Singing Sword {vorpal, sonic wave}
    29 | D        | Found the +8 storm bow {elec, penet}
    32 | D        | Found an opulent altar of Gozag.
    68 | D        | Became a worshipper of Uskayaw the Reveler
    75 | D        | Banished a spatial maelstrom
    77 | D        | Reached skill level 5 in Fighting
    77 | D        | Reached skill level 2 in Maces & Flails
    77 | D        | Reached skill level 5 in Bows
    77 | D        | Reached skill level 5 in Throwing
    77 | D        | Reached skill level 5 in Armour
    77 | D        | Reached skill level 1 in Conjurations
    77 | D        | Reached skill level 1 in Hexes
    77 | D        | Reached skill level 1 in Charms
    77 | D        | Reached skill level 1 in Summonings
    77 | D        | Reached skill level 1 in Necromancy
    77 | D        | Reached skill level 1 in Translocations
    77 | D        | Reached skill level 1 in Transmutations
    77 | D        | Reached skill level 1 in Fire Magic
    77 | D        | Reached skill level 1 in Ice Magic
    77 | D        | Reached skill level 1 in Air Magic
    77 | D        | Reached skill level 1 in Earth Magic
    77 | D        | Reached skill level 1 in Poison Magic
    77 | D        | Reached XP level 2. HP: 27/27 MP: 1/5
    86 | D        | Entered arena 2.
    86 | D        | Noticed a wolf
    86 | D        | Noticed a wolf
    86 | D        | Found a transporter.
    88 | D        | Killed a wolf
    88 | D        | Reached skill level 3 in Maces & Flails
    88 | D        | Reached XP level 3. HP: 34/34 MP: 1/7
    88 | D        | Reached XP level 4. HP: 40/40 MP: 1/9
    88 | D        | Reached * piety under Uskayaw
    89 | D        | Killed a wolf
    89 | D        | Reached skill level 4 in Maces & Flails
    89 | D        | Reached XP level 5. HP: 46/46 MP: 2/11
    89 | D        | Reached ** piety under Uskayaw
    96 | D        | Entered arena 3.
    96 | D        | Noticed Sigmund
    96 | D        | Noticed Jessica
    96 | D        | Noticed Blork the orc
    96 | D        | Found a transporter.
   100 | D        | Killed Jessica
   103 | D        | Killed Blork the orc
   103 | D        | Reached skill level 5 in Polearms
   103 | D        | Reached skill level 5 in Stealth
   103 | D        | Reached XP level 6. HP: 53/53 MP: 3/12
   103 | D        | Noticed a rust devil
   104 | D        | Reached *** piety under Uskayaw
   105 | D        | Killed Sigmund
   105 | D        | Reached skill level 5 in Short Blades
   105 | D        | Reached skill level 5 in Long Blades
   105 | D        | Reached skill level 5 in Axes
   105 | D        | Reached skill level 5 in Maces & Flails
   105 | D        | Reached skill level 5 in Staves
   105 | D        | Reached skill level 5 in Slings
   105 | D        | Reached skill level 5 in Crossbows
   105 | D        | Reached skill level 5 in Dodging
   105 | D        | Reached skill level 5 in Shields
   105 | D        | Reached skill level 5 in Unarmed Combat
   105 | D        | Reached skill level 5 in Spellcasting
   105 | D        | Reached skill level 5 in Invocations
   105 | D        | Reached skill level 5 in Evocations
   105 | D        | Reached **** piety under Uskayaw
   109 | D        | Entered arena 4.
   109 | D        | Noticed a white ugly thing
   109 | D        | Noticed a sky beast
   109 | D        | Noticed a red ugly thing
   109 | D        | Found a transporter.
   113 | D        | Reached XP level 7. HP: 59/59 MP: 4/14
   116 | D        | Killed a brown ugly thing
   116 | D        | Reached skill level 6 in Maces & Flails
   116 | D        | Reached skill level 5 in Conjurations
   116 | D        | Reached skill level 5 in Hexes
   116 | D        | Reached skill level 5 in Charms
   116 | D        | Reached skill level 5 in Summonings
   116 | D        | Reached skill level 5 in Necromancy
   116 | D        | Reached skill level 5 in Translocations
   116 | D        | Reached skill level 5 in Transmutations
   116 | D        | Reached skill level 5 in Fire Magic
   116 | D        | Reached skill level 5 in Ice Magic
   116 | D        | Reached skill level 5 in Air Magic
   116 | D        | Reached skill level 5 in Earth Magic
   116 | D        | Reached skill level 5 in Poison Magic
   116 | D        | Reached XP level 8. HP: 68/68 MP: 4/17
   116 | D        | Killed a white ugly thing
   116 | D        | Reached ***** piety under Uskayaw
   118 | D        | Got the ring "Kogel" {Wiz *Contam rPois rC+++ MR- Int+6}
   121 | D        | Got the cursed +1 scale mail of Nemelex Xobeh {*Contam
                  | rF+++ rC- Regen+}
   123 | D        | Entered arena 5.
   123 | D        | Noticed a toenail golem
   123 | D        | Noticed a toenail golem
   123 | D        | Noticed a toenail golem
   123 | D        | Noticed a toenail golem
   123 | D        | Found a transporter.
   128 | D        | Killed a toenail golem
   130 | D        | Killed a toenail golem
   130 | D        | Reached skill level 7 in Maces & Flails
   130 | D        | Reached XP level 9. HP: 64/75 MP: 6/19
   130 | D        | Killed a toenail golem
   130 | D        | Reached ****** piety under Uskayaw
   131 | D        | Killed a toenail golem
   136 | D        | Got the Collected Works on Freezing Shape Shifting
   144 | D        | Learned a level 5 spell: Irradiate
   162 | D        | Entered arena 6.
   162 | D        | Found a transporter.
   174 | D        | Entered arena 7.
   175 | D        | Found a transporter.
   178 | D        | Reached skill level 8 in Maces & Flails
   182 | D        | Reached XP level 10. HP: 82/83 MP: 13/22
   189 | D        | Entered arena 8.
   189 | D        | Noticed a draconian
   189 | D        | Noticed a draconian
   189 | D        | Noticed a green draconian
   189 | D        | Noticed a draconian
   189 | D        | Noticed a draconian
   189 | D        | Noticed a green draconian
   190 | D        | Found a transporter.
   195 | D        | Killed a draconian
   195 | D        | Killed a draconian
   195 | D        | Killed a green draconian
   195 | D        | Reached skill level 10 in Fighting
   195 | D        | Reached skill level 9 in Maces & Flails
   195 | D        | Reached skill level 10 in Bows
   195 | D        | Reached skill level 10 in Throwing
   195 | D        | Reached skill level 10 in Armour
   195 | D        | Killed a draconian
   195 | D        | Killed a draconian
   195 | D        | Reached skill level 10 in Invocations
   200 | D        | Killed a green draconian
   200 | D        | Reached XP level 11. HP: 92/92 MP: 16/24
   211 | D        | Got the ring of Fivo {Str+4 Int+6 Dex+3}
   227 | D        | Learned a level 5 spell: Yara's Violent Unravelling
   245 | D        | Entered arena 9.
   245 | D        | Noticed a deep elf knight
   245 | D        | Noticed a +2 halberd of freezing
   245 | D        | Noticed a deep elf mage
   245 | D        | Noticed a deep elf knight
   245 | D        | Noticed a deep elf mage
   245 | D        | Noticed a deep elf mage
   246 | D        | Killed a deep elf mage
   246 | D        | Reached skill level 10 in Polearms
   247 | D        | Found a transporter.
   252 | D        | Killed a +2 halberd of freezing
   252 | D        | Reached skill level 10 in Stealth
   252 | D        | Killed a deep elf knight
   253 | D        | Killed a deep elf mage
   253 | D        | Reached skill level 10 in Short Blades
   253 | D        | Reached skill level 10 in Long Blades
   253 | D        | Reached skill level 10 in Axes
   253 | D        | Reached skill level 10 in Maces & Flails
   253 | D        | Reached skill level 10 in Staves
   253 | D        | Reached skill level 10 in Slings
   253 | D        | Reached skill level 10 in Crossbows
   253 | D        | Reached skill level 10 in Dodging
   253 | D        | Reached skill level 10 in Shields
   253 | D        | Reached skill level 10 in Unarmed Combat
   253 | D        | Reached skill level 10 in Spellcasting
   253 | D        | Reached skill level 10 in Evocations
   253 | D        | Killed a deep elf mage
   253 | D        | Killed a deep elf knight
   265 | D        | Entered arena 10.
   265 | D        | Noticed a draconian
   265 | D        | Noticed a draconian
   265 | D        | Noticed a draconian
   265 | D        | Noticed a draconian
   265 | D        | Noticed a draconian
   265 | D        | Noticed a draconian
   265 | D        | Noticed a draconian
   265 | D        | Noticed a purple draconian
   266 | D        | Identified the +6 hand axe of Neptirar {vamp, rPois}
   266 | D        | Identified the cursed +0 battleaxe of Agony {drain, rF+
                  | Int+2}
   266 | D        | Found a transporter.
   271 | D        | Killed a draconian
   271 | D        | Killed a draconian
   271 | D        | Killed a purple draconian
   271 | D        | Killed a draconian
   271 | D        | Killed a draconian
   271 | D        | Killed a draconian
   272 | D        | Killed a draconian
   272 | D        | Reached XP level 12. HP: 100/101 MP: 26/26
   300 | D        | Learned a level 6 spell: Statue Form
   307 | D        | Learned a level 6 spell: Simulacrum
   315 | D        | Entered arena 11.
   315 | D        | Noticed a vault guard
   315 | D        | Noticed a yaktaur captain
   315 | D        | Noticed a vault guard
   315 | D        | Noticed a vault guard
   315 | D        | Noticed a vault guard
   317 | D        | Found a transporter.
   320 | D        | Reached skill level 11 in Maces & Flails
   321 | D        | Killed a vault guard
   321 | D        | Killed a vault guard
   321 | D        | Killed a vault guard
   321 | D        | Killed a vault guard
   323 | D        | Killed a yaktaur captain
   334 | D        | Got the ring of Incredulity {rElec Str+6 Int+6 Stlth-}
   339 | D        | Got the Handbook of Supportive Dislocation
   347 | D        | Learned a level 3 spell: Lesser Beckoning
   348 | D        | Entered arena 12.
   348 | D        | Noticed a vampire knight
   348 | D        | Noticed a ghoul
   348 | D        | Noticed a lich
   350 | D        | Identified the +1 hunting sling "Rerrup Juwon" {venom,
                  | Str+5}
   353 | D        | Killed a vampire knight
   353 | D        | Reached skill level 10 in Conjurations
   353 | D        | Reached skill level 10 in Hexes
   353 | D        | Reached skill level 10 in Charms
   353 | D        | Reached skill level 10 in Summonings
   353 | D        | Reached skill level 10 in Necromancy
   353 | D        | Reached skill level 10 in Translocations
   353 | D        | Reached skill level 10 in Transmutations
   353 | D        | Reached skill level 10 in Fire Magic
   353 | D        | Reached skill level 10 in Ice Magic
   353 | D        | Reached skill level 10 in Air Magic
   353 | D        | Reached skill level 10 in Earth Magic
   353 | D        | Reached skill level 10 in Poison Magic
   356 | D        | Killed a lich
   356 | D        | Killed a ghoul
   356 | D        | Reached skill level 12 in Maces & Flails
   359 | D        | Found a transporter.
   363 | D        | Reached XP level 13. HP: 66/109 MP: 29/29
   451 | D        | Entered arena 13.
   451 | D        | Noticed a lich
   452 | D        | Noticed a lich
   454 | D        | Noticed an Executioner
   456 | D        | Noticed an Executioner
   460 | D        | Killed a lich
   460 | D        | Killed a lich
   460 | D        | Reached skill level 13 in Maces & Flails
   461 | D        | Found a transporter.
   488 | D        | Got the Volume of Snow
   555 | D        | Entered arena 14.
   561 | D        | Noticed a deep elf master archer
   561 | D        | Noticed a deep elf annihilator
   561 | D        | Noticed a deep elf sorcerer
   562 | D        | Found a transporter.
   567 | D        | Killed a deep elf master archer
   567 | D        | Killed a deep elf annihilator
   567 | D        | Killed a deep elf sorcerer
   567 | D        | Reached skill level 14 in Maces & Flails
   611 | D        | Got the +8 rapier of the Ghost {speed, +Blink Dex+5}
   623 | D        | Learned a level 1 spell: Summon Butterflies
   643 | D        | Entered arena 15.
   649 | D        | Noticed a balrug
   649 | D        | Noticed a reaper
   657 | D        | Killed a reaper
   660 | D        | Found a transporter.
   662 | D        | Killed a balrug
   677 | D        | Got the +1 cloak of the Black Moon {*Contam +Inv rN+ MR+}
   785 | D        | Entered arena 16.
   792 | D        | Noticed a bone dragon
   792 | D        | Noticed a tentacled starspawn
   793 | D        | Found a transporter.
   797 | D        | Killed a tentacled starspawn
   797 | D        | Reached XP level 14. HP: 120/120 MP: 15/31
   799 | D        | Killed a bone dragon
   799 | D        | Reached skill level 15 in Maces & Flails
   809 | D        | Got the Catalogue of Virous Dislocation
   811 | D        | Got the +5 dagger of Foniv {vorpal, rPois rN+}
   816 | D        | Got the amulet of the Yeti {RegenMP rElec rF+ rN+ Str-4}
   823 | D        | Entered arena 17.
   828 | D        | Found a transporter.
   865 | D        | Got Rodunixzir's Lost Secrets of Wizardry
   867 | D        | Entered arena 18.
   884 | D        | Reached skill level 15 in Invocations
   893 | D        | Reached skill level 16 in Maces & Flails
   894 | D        | Found a transporter.
   898 | D        | HP: 5/157 [merfolk javelineer/silver javelin (20)]
   898 | D        | Hit by a silver javelin thrown by a merfolk javelineer

Illustrated notes

Levels and vault maps discovered:
D:        sprint_v [room_start, room_1, room_2, room_3, room_4, room_5, room_6,
          room_7, room_8, room_9, room_10, room_11, room_12, room_13, room_14,
          room_15, room_16, room_17, room_18, room_19, room_20, room_21,
          room_22, room_23, room_24, room_25, room_26, room_27]

Skill      XL: |  1  2  3  4  5  6  7  8  9 10 11 12 13 14 |
---------------+-------------------------------------------+-----
Fighting       | 5 6 7 8 9 10 11 12 14 | 14.8
Short Blades   | 2 3 4 5 6 7 8 9 10 12 13 14 | 14.3
Long Blades    | 2 3 4 5 6 7 8 9 10 12 13 14 | 14.3
Axes           | 2 3 4 5 6 7 8 9 10 12 13 14 | 14.3
Maces & Flails | 2 3 4 5 6 7 8 9 10 12 14 16 | 16.0
Polearms       | 3 4 5 6 7 8 9 11 12 13 14 | 14.4
Staves         | 2 3 4 5 6 7 8 9 10 12 13 14 | 14.3
Slings         | 2 3 4 5 6 7 8 9 10 12 13 14 | 14.3
Bows           | 5 6 7 8 9 10 11 12 14 | 14.8
Crossbows      | 2 3 4 5 6 7 8 9 10 12 13 14 | 14.3
Throwing       | 5 6 7 8 9 10 11 12 14 | 14.8
Armour         | 5 6 7 8 9 10 11 12 14 | 14.8
Dodging        | 2 3 4 5 6 7 8 9 10 12 13 14 | 14.3
Stealth        | 3 4 5 6 7 8 9 11 12 13 14 | 14.4
Shields        | 2 3 4 5 6 7 8 9 10 12 13 14 | 14.3
Unarmed Combat | 2 3 4 5 6 7 8 9 10 12 13 14 | 14.8
Spellcasting   | 2 3 4 5 6 7 8 9 10 12 13 14 | 14.3
Conjurations   | 1 2 3 4 5 6 8 9 10 11 12 | 12.3
Hexes          | 1 2 3 4 5 6 8 9 10 11 12 | 12.3
Charms         | 1 2 3 4 5 6 8 9 10 11 12 | 12.3
Summonings     | 1 2 3 4 5 6 8 9 10 11 12 | 12.3
Necromancy     | 1 2 3 4 5 6 8 9 10 11 12 | 12.3
Translocations | 1 2 3 4 5 6 8 9 10 11 12 | 12.3
Transmutations | 1 2 3 4 5 6 8 9 10 11 12 | 12.3
Fire Magic     | 1 2 3 4 5 6 8 9 10 11 12 | 12.3
Ice Magic      | 1 2 3 4 5 6 8 9 10 11 12 | 12.3
Air Magic      | 1 2 3 4 5 6 8 9 10 11 12 | 12.3
Earth Magic    | 1 2 3 4 5 6 8 9 10 11 12 | 12.3
Poison Magic   | 1 2 3 4 5 6 8 9 10 11 12 | 12.3
Invocations    | 2 3 4 5 6 7 9 10 11 13 14 15 | 15.4
Evocations     | 2 3 4 5 6 7 8 9 10 12 13 14 | 14.3

Action                   |  1- 3 |  4- 6 |  7- 9 | 10-12 | 13-15 || total
-------------------------+-------+-------+-------+-------+-------++-------
Melee: Broad axe         |     1 |     7 |    18 |    36 |    46 ||   108
       Bite              |       |     1 |     1 |       |     1 ||     3
 Cast: Statue Form       |       |       |       |     1 |     5 ||     6
       Irradiate         |       |       |       |     1 |     5 ||     6
       Summon Butterflie |       |       |       |       |     4 ||     4
Invok: Grand Finale      |       |       |       |       |     1 ||     1
Evoke: Tin of tremorston |       |       |       |     1 |       ||     1
       Box of beasts     |       |       |       |       |     1 ||     1
  Use: Potion            |     5 |       |     4 |     3 |     1 ||    13
       Scroll            |       |       |       |     2 |     5 ||     7
 Stab: Sleeping          |       |     3 |    13 |     3 |       ||    19
       Paralysed         |       |     2 |     1 |    12 |    19 ||    34
  Eat: Chunk             |       |       |       |       |     2 ||     2
Armor: Scale mail        |       |       |       |     2 |       ||     2
       Skin              |       |       |       |     4 |    45 ||    49
Dodge: Dodged            |       |       |       |    10 |    58 ||    68
Block: Kite shield       |       |     3 |     7 |    52 |   134 ||   196
